 Dungeon Crawl Stone Soup version 0.20.1-1-g8b1a95d (webtiles) character file.

184 Kingsmith the Magician (level 5, -3/35 HPs)
             Began as a Mummy Summoner on Nov 19, 2017.
             Slain by a gnoll
             ... wielding a +0 halberd
              (17 damage)
             ... on level 3 of the Dungeon.
             The game lasted 00:17:58 (3405 turns).

Kingsmith the Magician (Mummy Summoner)             Turns: 3405, Time: 00:17:59

Health: -3/35      AC:  3    Str: 11    XL:     5   Next: 36%
Magic:  2/13       EV: 11    Int: 16    God:
Gold:   126        SH:  3    Dex: 12    Spells: 12/15 levels left

rFire    x . .     SeeInvis .   n - +0 short sword (protect)
rCold    + . .     Gourm    .   g - +0 buckler
rNeg     + + +     Faith    .   h - +0 leather armour
rPois    ∞         Spirit   .   (no helmet)
rElec    .         Reflect  .   (no cloak)
rCorr    .         Harm     .   (no gloves)
MR       .....                  (no boots)
Stlth    +.........             (no amulet)
Regen    0.2/turn               (no ring)
MPRegen  0.2/turn               (no ring)

@: no status effects
A: no food or potions, fire vulnerability, cold resistance 1, negative energy
resistance 3, torment resistance, unbreathing
a: no special abilities


You were on level 3 of the Dungeon.
You were not hungry.

You visited 1 branch of the dungeon, and saw 3 of its levels.

You collected 126 gold pieces.

Inventory:

Hand Weapons
 d - a +0 spear
 l - a +0 hunting sling
 n - a +0 short sword of protection (weapon)
 o - a +0 spear
Missiles
 c - 17 poisoned needles
 e - 101 stones (quivered)
 i - 47 sling bullets
 q - 21 bolts
Armour
 g - a +0 buckler (worn)
 h - a +0 leather armour (worn)
 j - a +0 ring mail
 k - a +0 scale mail
 p - a +0 ring mail
Scrolls
 a - 4 scrolls of remove curse {unknown}
 f - 8 scrolls of identify {unknown}
 m - a scroll of teleportation {unknown}
Books
 b - a book of Callings

   Spells                             Type                      Level
   a - Summon Small Mammal            Summoning                    1
   b - Call Imp                       Summoning                    2
   c - Call Canine Familiar           Summoning                    3
   d - Summon Guardian Golem          Hexes/Summoning              3
   e - Summon Lightning Spire         Summoning/Air                4
   f - Summon Ice Beast               Ice/Summoning                4


   Skills:
 - Level 1.5 Dodging
 - Level 1.5 Stealth
 * Level 5.7 Spellcasting
 + Level 4.2 Summonings


You had 12 spell levels left.
You knew the following spells:

 Your Spells              Type           Power        Failure   Level  Hunger
a - Summon Small Mammal   Summ           ###.         5%          1    N/A
b - Call Imp              Summ           ###.....     9%          2    N/A

Dungeon Overview and Level Annotations

Branches:
Dungeon (3/15)

Altars:
Cheibriados
Qazlal


Innate Abilities, Weirdness & Mutations

You do not eat or drink.
Your flesh is vulnerable to fire.
You are immune to poison.
Your flesh is cold resistant. (rC+)
You are immune to negative energy. (rN+++)
You are immune to unholy pain and torment.
You can survive without breathing.


Message History

The gnoll completely misses your shadow imp.
Your crimson imp hits the gnoll but does no damage.
The gnoll hits your crimson imp with a halberd!
Your crimson imp dies!
Your crimson imp hits the gnoll but does no damage.
Your shadow imp hits the gnoll.
The gnoll dies!
The gnoll shouts!
What are your orders? t - Shout!
Orders for allies: a - Attack new target. p - Attack previous target. r - Retreat! s - Stop attacking. g - Guard the area. f - Follow me.
Anything else - Cancel.
Gang up on whom?
Press: ? - help, Dir - move target cursor, f/p - gnoll
Aim: a gnoll, wielding a halberd (severely wounded) Attack!
The gnoll hits you from afar with a halberd!
You die...

##..###......##...##.≈†.....#
..................++........#
....###...........##........# .#
.....##+####......##........##.#
...#.#............##........##.#
...#......................####.#
...+..........55.......##.# #.#
...##.......#))........##.# #.#.
............#.g.@......##.####.#.
≈.....g.#####....................
.≈......#####...........#.####.##
#####...##..............#...##...
...................####.###.#####
............................#
.......>...................##
...........................#
.....#.........#...........#


You could see a gnoll, a friendly crimson imp and a friendly shadow imp.

Vanquished Creatures
  Jessica (D:2)
  An adder (D:2)
  A worm (D:3)
  A leopard gecko (D:3)
  5 bats
  2 giant cockroaches
  4 goblins
  6 hobgoblins
  3 quokkas
  4 frilled lizards
  7 kobolds
  A quokka skeleton (D:3)
  7 rats
43 creatures vanquished.

Vanquished Creatures (collateral kills)
  A sky beast (D:3)
  6 adders
  2 gnolls (D:3)
  A worm (D:2)
  2 dart slugs
  2 giant cockroaches (D:3)
  2 goblins
  A hobgoblin (D:1)
  3 bats
  A frilled lizard (D:1)
  2 kobolds
23 creatures vanquished.

Grand Total: 66 creatures vanquished

Notes
Turn   | Place    | Note
-------+----------+-------------------------------------------
     0 | D:1      | Kingsmith the Mummy Summoner began the quest for the Orb.
     0 | D:1      | Reached XP level 1. HP: 13/13 MP: 4/4
   116 | D:1      | Reached skill level 3 in Spellcasting
   324 | D:1      | Reached XP level 2. HP: 19/19 MP: 6/6
   725 | D:1      | You fall through a shaft!
  1069 | D:2      | Reached XP level 3. HP: 16/24 MP: 4/8
  1165 | D:2      | Noticed Jessica
  1180 | D:2      | Killed Jessica
  1180 | D:2      | Reached skill level 4 in Spellcasting
  1311 | D:2      | Found a snail-covered altar of Cheibriados.
  1311 | D:2      | Found a stormy altar of Qazlal.
  1412 | D:2      | Reached XP level 4. HP: 26/30 MP: 7/10
  2788 | D:3      | Noticed a sky beast
  2837 | D:3      | Reached skill level 5 in Spellcasting
  2844 | D:3      | Learned a level 2 spell: Call Imp
  3372 | D:3      | Killed a sky beast
  3372 | D:3      | Reached XP level 5. HP: 26/35 MP: 2/13
  3405 | D:3      | Slain by a gnoll

Skill      XL: |  1  2  3  4 |
---------------+-------------+-----
Spellcasting   | 3 4 5 |  5.7
Summonings     | 4 |  4.2
Dodging        | |  1.5
Stealth        | |  1.5

Action                   |  1- 3 |  4- 6 || total
-------------------------+-------+-------++-------
Melee: Spear             |    95 |   117 ||   212
       Unarmed           |    11 |       ||    11
       Short sword       |       |     8 ||     8
Throw: Stone             |     2 |     3 ||     5
 Cast: Summon Small Mamm |    26 |    15 ||    41
       Call Imp          |       |    13 ||    13
 Stab: Sleeping          |     8 |     2 ||    10
Armor: Robe              |     3 |       ||     3
       Leather armour    |    23 |    27 ||    50
Dodge: Dodged            |    57 |    91 ||   148
Block: Buckler           |       |    22 ||    22
